 Dungeon Crawl Stone Soup version 0.24-a0-228-g05560da (webtiles) character file.

Game seed: 17849328387486074295

359 vulsuck the Ruffian (level 6, 0/48 HPs)
             Began as a Barachi Transmuter on Apr 2, 2019.
             Was a Follower of Ru.
             Slain by a wraith (7 damage)
             ... in an ossuary.
             The game lasted 00:19:28 (3052 turns).

vulsuck the Ruffian (Barachi Transmuter)            Turns: 3052, Time: 00:19:28

Health: 0/48       AC:  4    Str: 13    XL:     6   Next: 65%
Magic:  1/9        EV: 13    Int: 19    God:    Ru [*.....]
Gold:   217        SH:  0    Dex: 12    Spells: 3/9 levels left

rFire    . . .     SeeInvis .     - Unarmed
rCold    . . .     Gourm    .   (no shield)
rNeg     . . .     Faith    .   b - +0 robe
rPois    .         Spirit   .   (no helmet)
rElec    .         Reflect  .   (no cloak)
rCorr    .         Harm     .   (no gloves)
MR       .....                  w - +1 pair of boots
Stlth    +.........             m - amulet of regeneration
HPRegen  0.56/turn              i - +5 ring of intelligence
MPRegen  0.11/turn              n - ring of flight

@: appendage, slowed, very slow
A: +LOS, swims, horns 2, slowness 1, no ice magic, no necromancy magic, no
summoning magic, strong legs 1
a: Hop, End Transformation, Renounce Religion, Evoke Flight


You were in an ossuary.
You worshipped Ru.
Ru was aware of your devotion.
You were very hungry.
You had grown temporary horns.
You visited 1 branch of the dungeon, and saw 4 of its levels.
You also visited: Ossuary.

You collected 217 gold pieces.

Inventory:

Missiles
 a - 45 arrows
 e - 160 stones
 o - 4 needles of sleeping
 u - 28 poisoned needles
 x - 3 javelins (quivered)
Armour
 b - a +0 robe (worn)
 w - a +1 pair of boots (worn)
Jewellery
 i - a +5 ring of intelligence (left hand)
 m - an amulet of regeneration (around neck)
 n - a ring of flight (right hand)
Scrolls
 h - 5 scrolls of teleportation
 k - a scroll of remove curse
 l - a scroll of magic mapping {unknown}
 p - 2 scrolls of enchant weapon {unknown}
 q - 2 scrolls of fear {unknown}
 s - a scroll of fog {unknown}
 t - a scroll of amnesia {unknown}
Potions
 f - a potion of flight
 g - 2 potions of berserk rage
 j - a potion of brilliance
 r - a potion of invisibility
 v - 2 potions of heal wounds
 z - 2 potions of mutation {unknown}
 A - 2 potions of curing {unknown}
 B - a potion of agility {unknown}
Comestibles
 d - 4 rations


   Skills:
 + Level 3.7 Fighting
 + Level 3.9 Dodging
 * Level 5.8 Unarmed Combat
 - Level 2.1 Spellcasting
 - Level 3.0 Transmutations
 - Level 1.0 Poison Magic


You had 3 spell levels left.
You knew the following spells:

 Your Spells              Type           Power        Failure   Level  Hunger
a - Beastly Appendage     Tmut           ##....       4%          1    #......
b - Sticks to Snakes      Tmut           ##......     8%          2    ##.....
c - Spider Form           Tmut/Pois      #.........   22%         3    ###....

Your spell library contained the following spells:

 Spells                   Type           Power        Failure   Level  Hunger
 Blade Hands              Tmut           ##........   80%         5    ######.
 Ice Form                 Ice/Tmut       Unusable     N/A         4    N/A

Dungeon Overview and Level Annotations

Branches:
Dungeon (4/15)
 Temple: D:4-7

Altars:
Dithmenos
Elyvilon
Gozag
Hepliaklqana
Ru
Uskayaw
The Shining One

Annotations:
D:3 2 transporters
D:4 1 runed translucent door, exclusion: door, kd29's ghost, amateur DDNe


Innate Abilities, Weirdness & Mutations

Shadows flee at your approach. (+LOS)
You can swim through water.
You cover ground slowly.
You cannot study or cast Ice magic.
You cannot study or cast Necromancy magic.
You cannot study or cast Summoning magic.
You can hop short distances.
You have a pair of horns on your head.


Message History

You feel as though you will be slow longer.
Your adder barely misses the wraith.
The wraith barely misses you.
You closely miss the wraith.
The wraith is severely damaged.
Your adder barely misses the wraith.
The wraith misses you.
You barely miss the wraith.
The wraith is severely damaged.
Your adder bites the wraith but does no damage.
The wraith hits your adder!
Your adder dies!
Casting: Beastly Appendage (safe; 4% risk of failure)
Confirm with . or Enter, or press ? or * to list all spells.
You create a snake!
You now have 45 arrows.
The wraith hits you!
* * * LOW HITPOINT WARNING * * *
The wraith is stunned by your will and fails to attack.
You swap places.
Your ball python closely misses the wraith.
Your ball python bites the wraith but does no damage.
The wraith hits you!
You die...

##########################
#.........................
#.∩.....................∩.
#.......#####+#####.......
#......##.........##......
#.....##.@.##'##...##.....
#....##.SW##...##...##....
#....#...##.!...##...#....
#....+...#.!?!.?.#...'....
#....#...##.??!.##...#....
#....##...##...##...##....
#.....##...#####...##.....
#......##.........##......
#.......#####+#####.......


You could see a wraith and a friendly ball python.

Vanquished Creatures
  An ogre (D:4)
  A hound (D:4)
  An iguana (D:4)
  A worker ant (D:4)
  A worker ant zombie (D:4)
  3 gnolls (D:3)
  An adder (D:3)
  3 oozes
  3 worms (D:3)
  2 dart slugs (D:1)
  3 leopard geckos
  An orc (D:3)
  2 ball pythons
  7 bats
  7 giant cockroaches
  5 goblins
  8 hobgoblins
  9 jackals
  6 kobolds
  4 frilled lizards
  8 gnoll skeletons (Ossuary)
  7 kobold skeletons (Ossuary)
  10 orc skeletons (Ossuary)
  10 rats
104 creatures vanquished.

Vanquished Creatures (collateral kills)
  A hound (D:2)
  A mummy (Ossuary)
  A hobgoblin (D:2)
  A jackal (D:3)
4 creatures vanquished.

Grand Total: 108 creatures vanquished

Notes
Turn   | Place    | Note
-------+----------+-------------------------------------------
     0 | D:1      | vulsuck the Barachi Transmuter began the quest for the Orb.
     0 | D:1      | Reached XP level 1. HP: 15/15 MP: 3/3
    81 | D:1      | Reached XP level 2. HP: 14/21 MP: 3/5
    87 | D:1      | Learned a level 2 spell: Sticks to Snakes
   509 | D:1      | Reached XP level 3. HP: 23/27 MP: 4/6
   514 | D:1      | Learned a level 3 spell: Spider Form
  1105 | D:2      | Found a white marble altar of Elyvilon.
  1110 | D:2      | Found a sacrificial altar of Ru.
  1110 | D:2      | Found a hazy altar of Hepliaklqana.
  1113 | D:2      | Found a shadowy altar of Dithmenos.
  1113 | D:2      | Found an opulent altar of Gozag.
  1120 | D:2      | Reached skill level 4 in Unarmed Combat
  1121 | D:2      | Found a hide-covered altar of Uskayaw.
  1146 | D:2      | Reached XP level 4. HP: 33/33 MP: 1/7
  1216 | D:2      | Became a worshipper of Ru the Awakened
  1512 | D:3      | Found a transporter.
  1525 | D:3      | Found a transporter.
  1548 | D:3      | Reached skill level 1 in Poison Magic
  1560 | D:3      | Reached XP level 5. HP: 39/39 MP: 5/8
  1744 | D:3      | Found a faded altar of an unknown god.
  2354 | D:4      | Found a glowing golden altar of the Shining One.
  2357 | D:4      | Gained mutation: You cannot study or cast Ice magic. [Ru
                  | sacrifice]
  2357 | D:4      | Gained mutation: You cannot study or cast Necromancy magic.
                  | [Ru sacrifice]
  2357 | D:4      | Gained mutation: You cannot study or cast Summoning magic.
                  | [Ru sacrifice]
  2357 | D:4      | Reached * piety under Ru
  2369 | D:4      | Reached skill level 5 in Unarmed Combat
  2573 | D:4      | Noticed an ogre
  2582 | D:4      | Found a runed translucent door.
  2589 | D:4      | Noticed kd29's ghost (amateur DDNe)
  2598 | D:4      | Killed an ogre
  2598 | D:4      | Reached XP level 6. HP: 47/47 MP: 5/9
  2683 | D:4      | Found a sand-covered staircase.
  2691 | Ossuary  | Entered an ossuary
  2691 | Ossuary  | Noticed a wraith
  2691 | Ossuary  | Noticed a wraith
  2691 | Ossuary  | Noticed a wraith
  3006 | Ossuary  | Noticed a wraith
  3052 | Ossuary  | Slain by a wraith

Levels and vault maps discovered:
D:1:      dpeg_arrival_castle, layout_basic, minmay_misc_feat_secret_circle,
          hex_tiny, minmay_pentomino_p4
D:2:      layout_basic, grunt_temple_overflow_open
D:3:      gammafunk_steamed_eel, layout_loops_ring,
          chequers_ecumenical_altar_simple_redux, minmay_distorted
D:4:      layout_basic, nicolae_ossuary_entry_ruins, ebering_ghost_sewer_f,
          first_ration, tso_metal_star
Ossuary:  ossuary_due_mausoleum

Skill      XL: |  1  2  3  4  5 |
---------------+----------------+-----
Fighting       | 2 3 |  3.7
Unarmed Combat | 4 5 |  5.8
Poison Magic   | 1 |  1.0
Transmutations | 3 |  3.0
Dodging        | 3 |  3.9
Spellcasting   | |  2.1

Action                   |  1- 3 |  4- 6 || total
-------------------------+-------+-------++-------
Melee: Unarmed           |    89 |   224 ||   313
       Kick              |     9 |     7 ||    16
       Headbutt          |     6 |    23 ||    29
       Punch             |     2 |     2 ||     4
Throw: Stone             |    11 |    18 ||    29
       Javelin           |       |     9 ||     9
 Cast: Beastly Appendage |    27 |    30 ||    57
       Sticks to Snakes  |     2 |    10 ||    12
       Spider Form       |       |     6 ||     6
Invok: Sacrifice Arcana  |       |     1 ||     1
  Use: Scroll            |       |     7 ||     7
  Eat: Chunk             |     2 |     7 ||     9
Armor: Robe              |    20 |    25 ||    45
       Skin              |       |     1 ||     1
Dodge: Dodged            |    57 |   135 ||   192

Table legend:
 A = Non-vault XP
 B = Vault XP
 C = Vault XP percentage of total XP
 D = Non-vault monster count
 E = Vault monster count
 F = Vault count percentage of total count
                 A         B        C        D         E       F
            +---------+---------+-------+---------+---------+-------
      Total |     467 |      46 |   9.0 |      78 |      30 |  27.8
            +---------+---------+-------+---------+---------+-------
        D:1 |      48 |       1 |   2.0 |      23 |       1 |   4.2
        D:2 |      73 |       0 |   0.0 |      23 |       0 |   0.0
        D:3 |      99 |       6 |   5.7 |      27 |       3 |  10.0
        D:4 |     247 |       0 |   0.0 |       5 |       0 |   0.0
    Ossuary |       0 |      39 | 100.0 |       0 |      26 | 100.0
            +---------+---------+-------+---------+---------+-------
